 Dungeon Crawl Stone Soup version 0.31.0-11-ge490571c62 (webtiles) character file.

Game seed: 8138347156125005174

5917 groovy9 the Thaumaturge (level 11, 73/73 HPs)
             Began as a Djinni Conjurer on Jan 26, 2024.
             Was a Priest of Hepliaklqana.
             Quit the game on level 9 of the Dungeon.
             The game lasted 00:25:37 (8347 turns).

groovy9 the Thaumaturge (Djinni Conjurer)           Turns: 8347, Time: 00:25:38

Health: 73/73      AC: 12    Str: 15    XL:     11   Next: 9%
Gold:   356        EV: 17    Int: 24    God:    Hepliaklqana [***...] SH:  0 Dex: 12

rFire   + + .        w - +5 short sword of Dismay {heavy, *Noise rPois rCorr Str+3}
rCold   . . .        (no shield)
rNeg    . . .        g - +2 robe {rC+}
rPois   ∞            t - +2 helmet
rElec   .            f - scarf {+Inv}
rCorr   +            h - +0 pair of gloves
SInv    .            (boots unavailable)
Will    +....        D - amulet of regeneration
Stlth   ++           r - +4 ring of protection
HPRegen 1.12/turn    z - ring "Vunar" {EV+5 Str+6}
MPRegen 0.00/turn

%: no passive effects
@: brilliant, flying
A: reduced essence, sickness immunity, fire resistance 2, cold vulnerability 1,
float, innate caster, HP casting, extra vitality 1
a: Renounce Religion, Evoke Invisibility, Recall Ancestor, Ancestor Identity,
Transference


You were on level 9 of the Dungeon.
You worshipped Hepliaklqana.
Hepliaklqana was most pleased with you.
You visited 2 branches of the dungeon, and saw 10 of its levels.

You collected 386 gold pieces.
You spent 30 gold pieces at shops.

Inventory:

Hand Weapons
 w - the +5 short sword of Dismay (weapon) {heavy, *Noise rPois rCorr Str+3}
   (You found it on level 5 of the Dungeon)

   Str+3:     It affects your strength (+3).
   rPois:     It protects you from poison *Noise: It may make a loud noise when
   swung.
   rCorr:     It protects you from acid and corrosion.
 G - a +4 vampiric war axe
Armour
 a - a +0 robe
 b - a +1 tower shield
 f - a scarf of invisibility (worn)
 g - a +2 robe of cold resistance (worn)
 h - a +0 pair of gloves (worn)
 t - a +2 helmet (worn)
Jewellery
 r - a +4 ring of protection (left hand)
 y - a ring of ice
 z - the ring "Vunar" (right hand) {EV+5 Str+6}
   (You found it on level 7 of the Dungeon)

   [ring of evasion]

   EV+5:      It affects your evasion (+5).
   Str+6:     It affects your strength (+6).
 D - an amulet of regeneration (around neck)
Wands
 x - a wand of polymorph (6)
 C - a wand of flame (12)
 E - a wand of mindburst (7)
Scrolls
 e - 4 scrolls of brand weapon
 i - a scroll of blinking
 j - a scroll of fear
 k - 8 scrolls of teleportation
 p - 5 scrolls of amnesia
 F - a scroll of immolation {unknown}
Potions
 c - a potion of mutation
 d - a potion of berserk rage
 l - a potion of resistance
 n - a potion of ambrosia {unknown}
 o - 4 potions of brilliance
 s - 3 potions of curing
 u - 2 potions of might
 v - a potion of cancellation {unknown}
 A - a potion of invisibility {unknown}
 B - a potion of attraction {unknown}


   Skills:
 + Level 8.5 Fighting
 - Level 2.1 Dodging
 - Level 1.5 Stealth
 + Level 5.8 Shields
 * Level 10.2 Spellcasting
 * Level 10.2 Conjurations
 * Level 10.2 Hexes
 * Level 10.2 Summonings
 * Level 10.2 Necromancy
 * Level 10.2 Translocations
 * Level 10.2 Fire Magic
 * Level 10.2 Ice Magic
 * Level 10.2 Air Magic
 * Level 10.2 Earth Magic
 * Level 10.2 Alchemy


You knew the following spells:

 Your Spells              Type           Power      Damage    Failure   Level
a - Magic Dart            Conj           100%       1d8       1%          1
b - Searing Ray           Conj           100%       2d8       1%          2
c - Fulminant Prism       Conj/Alch      37%        3d18      1%          4
d - Iskenderun's Mystic   Conj/Tloc      75%        2d15      1%          4
e - Kiss of Death         Conj/Necr      100%       2d13      1%          1
f - Scorch                Fire           100%       2d9       1%          2
g - Static Discharge      Conj/Air       100%       3-8/arc   1%          2
h - Ozocubu's Armour      Ice            75%        N/A       1%          3
i - Brom's Barrelling Bo  Conj/Erth      75%        2d9       1%          4
Your spell library was empty.

Dungeon Overview and Level Annotations

Branches:
Dungeon (9/15)             Temple (1/1) D:6
   Lair: D:8-11         Orc: D:9-12

Altars:
Ashenzari
Cheibriados
Dithmenos
Elyvilon
Fedhas
Gozag
Hepliaklqana
Makhleb
Nemelex Xobeh
Okawaru
Ru
Trog
Uskayaw
Wu Jian
Xom
Yredelemnul
Zin
The Shining One

Shops:
D:5 *


Innate Abilities, Weirdness & Mutations

Your life essence is reduced to manifest your ancestor. (-10% HP)
You are immune to sickness and miasma.
You are immune to poison.
Your flesh is very heat resistant. (rF++)
You are vulnerable to cold. (rC-)
You float through the air rather than walking.
You learn spells naturally, not from books.
Your magical power is your life essence.
You have superior vitality. (+4 MHP)


Message History

The blast of energy engulfs tymior's ghost!!
Tymior's ghost is severely damaged.
Casting: Iskenderun's Mystic Blast (dangerous; 1% risk of failure)
Confirm with . or Enter, or press ? or * to list all spells.
Aiming: Fulminant Prism (dangerous; 1% risk of failure)
Press: ? - help, Dir - move target You feel a surge of power!
You conjure a prism of explosive energy!
A fulminant prism comes into view.
Your magical contamination has completely faded away.
Casting: Fulminant Prism (dangerous; 1% risk of failure)
Confirm with . or Enter, or press ? or * to list all spells.
You feel a surge of power!
You erupt in a blast of force!
The mystic blast hits tymior's ghost!
Tymior's ghost is almost destroyed.
Tymior's ghost is knocked back by the mystic blast.
Your fulminant prism crackles loudly.
Your fulminant prism explodes!
The blast of energy engulfs tymior's ghost!!
You destroy tymior's ghost!
You have reached level 11!
The power to cast Brom's Barrelling Boulder wells up from within.
Spell assigned to 'i'.
There is an open translucent gate here.
G - a scroll of identify
There are no items here.
Okay, then.
As you read the scroll of identify, it crumbles to dust.
u - 2 potions of might You see here a +4 vampiric war axe.
G - a +4 vampiric war axe You drop a +0 spear.
You drop a +2 dagger of draining.
Done exploring.
Search for what [Enter for "."]? .
Saving game... please wait.
Welcome back, groovy9 the Djinni Conjurer.
Hepliaklqana says: Your past becomes your present!
Press ? for a list of commands and other information.
Are you sure you want to abandon this character and quit the game? (Confirm with "yes".)

.....§.......≈..'...........#....
####.≈≈≈≈≈§≈≈≈.##...........#....
............................+....
........###..............)..#>...
.....'..'.#...#####.......).####'
.....#..#.#..##~♣♣##....).)......
######..#.#.##(....#.......).....
...))..)'.###~.....'....##'##.###
...)))..'...#...@..'....#...#.'..
.......)'...#......'....#...#.#..
..).....#...##.....#....#...#.#..
........#....##..♣##....#...#.#..
........#.....######....#...#.#..
.....#'##..........#....#####.#..
.....#...........###..........#..
.....#...........#............#..
.....#...........#.......######..


There were no monsters in sight!

Vanquished Creatures
  A hydra (D:9)
  The ghost of tymior the Zephyrmancer, a journeyman TeAE of Ashenzari (D:9)
  Pikel (D:5)
  A troll (D:9)
  Sigmund (D:2)
  4 yaks (D:8)
  Grum (D:8)
  3 water moccasins
  Duvessa (D:5)
  2 sky beasts (D:7)
  A black bear (D:2)
  2 wolves (D:8)
  An ogre (D:7)
  2 phantoms
  A lemure (D:5)
  A brain worm (D:3)
  A kobold brigand (D:9)
  A bullfrog (D:7)
  8 wights
  Dowan (D:5)
  3 hounds
  2 jellies
  A gnoll bouda (D:4)
  3 orc priests
  2 iguanas
  3 orc wizards
  Robin (D:4)
  7 adders
  9 gnolls
  A shadow imp (D:5)
  A white imp (D:6)
  3 ribbon worms (D:3)
  4 dart slugs
  19 orcs
  12 ball pythons
  8 bats
  5 endoplasms
  3 giant cockroaches (D:1)
  22 goblins
  9 hobgoblins
  10 jackals
  16 kobolds
  4 quokkas
  4 frilled lizards
  9 rats
196 creatures vanquished.

Vanquished Creatures (collateral kills)
  A shadow (D:9)
  A steam dragon (D:9)
  A water moccasin (D:6)
  An ice beast (D:8)
  A black bear (D:7)
  A wolf (D:8)
  A centaur (D:9)
  An orc wizard (D:9)
  3 orcs
  A kobold (D:9)
12 creatures vanquished.

Vanquished Creatures (others)
  A knight (D:9)
  50 fulminant prisms
51 creatures vanquished.

Grand Total: 259 creatures vanquished

Notes
Turn   | Place    | Note
-------+----------+-------------------------------------------
     0 | D:1      | groovy9 the Djinni Conjurer began the quest for the Orb.
     0 | D:1      | groovy9 set off with the following spells memorised: Magic
                  | Dart, Searing Ray, Fulminant Prism, Iskenderun's Mystic
                  | Blast.
     0 | D:1      | Reached XP level 1. HP: 15/15 MP: 0/0
   147 | D:1      | Reached XP level 2. HP: 21/22 MP: 0/0
   208 | D:1      | Reached skill level 1 in Fighting
   298 | D:1      | Reached XP level 3. HP: 21/27 MP: 0/0
   298 | D:1      | Learned a level 1 spell: Kiss of Death
   804 | D:2      | Reached XP level 4. HP: 27/33 MP: 0/0
   854 | D:2      | Noticed Sigmund
   865 | D:2      | Killed Sigmund
   866 | D:2      | Reached skill level 5 in Spellcasting
   866 | D:2      | Reached skill level 5 in Conjurations
   866 | D:2      | Reached skill level 5 in Hexes
   866 | D:2      | Reached skill level 5 in Summonings
   866 | D:2      | Reached skill level 5 in Necromancy
   866 | D:2      | Reached skill level 5 in Translocations
   866 | D:2      | Reached skill level 5 in Fire Magic
   866 | D:2      | Reached skill level 5 in Ice Magic
   866 | D:2      | Reached skill level 5 in Air Magic
   866 | D:2      | Reached skill level 5 in Earth Magic
   866 | D:2      | Reached skill level 5 in Alchemy
   866 | D:2      | Reached XP level 5. HP: 21/40 MP: 0/0
   866 | D:2      | Learned a level 2 spell: Scorch
   866 | D:2      | Reached XP level 6. HP: 23/45 MP: 0/0
   964 | D:2      | Noticed a black bear
   970 | D:2      | Killed a black bear
  1727 | D:3      | Reached XP level 7. HP: 47/50 MP: 0/0
  1727 | D:3      | Learned a level 2 spell: Static Discharge
  2074 | D:3      | Found a bloodstained altar of Trog.
  2652 | D:3      | Found a faded altar of an unknown god.
  2652 | D:3      | Found a faded altar of an unknown god.
  2674 | D:3      | Found a hazy altar of Hepliaklqana.
  2677 | D:3      | Found a blossoming altar of Fedhas.
  2704 | D:3      | Became a worshipper of Hepliaklqana the Forgotten
  2928 | D:4      | Noticed Robin
  2934 | D:4      | Killed Robin
  3834 | D:4      | Reached XP level 8. HP: 47/58 MP: 0/0
  3978 | D:5      | Entered Level 5 of the Dungeon
  4008 | D:5      | Noticed Pikel
  4017 | D:5      | Killed Pikel
  4018 | D:5      | Reached skill level 5 in Fighting
  4124 | D:5      | Noticed Duvessa
  4208 | D:5      | Noticed Dowan
  4209 | D:5      | Killed Duvessa
  4210 | D:5      | Reached XP level 9. HP: 52/65 MP: 0/0
  4210 | D:5      | Learned a level 3 spell: Ozocubu's Armour
  4214 | D:5      | Killed Dowan
  4299 | D:5      | Found a sacrificial altar of Ru.
  4305 | D:5      | Reached * piety under Hepliaklqana
  4328 | D:5      | Found Tengikiux's General Store.
  4358 | D:5      | Bought a scroll of teleportation for 30 gold pieces
  4438 | D:5      | Identified the +5 short sword of Dismay {heavy, *Noise
                  | rPois rCorr Str+3}
  4909 | D:6      | Found a staircase to the Ecumenical Temple.
  4914 | Temple   | Entered the Ecumenical Temple
  5065 | D:6      | Reached skill level 1 in Shields
  5242 | D:6      | Found a shadowy altar of Dithmenos.
  5447 | D:6      | Reached ** piety under Hepliaklqana
  5448 | D:6      | Remembered your ancestor Xochitl as a knight
  5692 | D:7      | Identified the ring "Vunar" {EV+5 Str+6}
  6354 | D:8      | Found a broken altar of Ashenzari.
  6440 | D:8      | Reached XP level 10. HP: 44/67 MP: 0/0
  6858 | D:8      | Found a basalt altar of Yredelemnul.
  7133 | D:8      | Noticed Grum
  7140 | D:8      | Killed Grum
  7634 | D:9      | Found a runed translucent gate.
  7635 | D:9      | Found a runed translucent gate.
  7635 | D:9      | Noticed tymior's ghost (journeyman TeAE)
  7635 | D:9      | Noticed a ten-headed hydra
  7636 | D:9      | Found a runed translucent gate.
  7681 | D:9      | Reached *** piety under Hepliaklqana
  7712 | D:9      | Found an ornate altar of the Wu Jian Council.
  7813 | D:9      | Reached skill level 5 in Shields
  7956 | D:9      | Found a glowing golden altar of the Shining One.
  8329 | D:9      | Killed a ten-headed hydra
  8330 | D:9      | Reached skill level 10 in Spellcasting
  8330 | D:9      | Reached skill level 10 in Conjurations
  8330 | D:9      | Reached skill level 10 in Hexes
  8330 | D:9      | Reached skill level 10 in Summonings
  8330 | D:9      | Reached skill level 10 in Necromancy
  8330 | D:9      | Reached skill level 10 in Translocations
  8330 | D:9      | Reached skill level 10 in Fire Magic
  8330 | D:9      | Reached skill level 10 in Ice Magic
  8330 | D:9      | Reached skill level 10 in Air Magic
  8330 | D:9      | Reached skill level 10 in Earth Magic
  8330 | D:9      | Reached skill level 10 in Alchemy
  8335 | D:9      | Killed tymior's ghost
  8336 | D:9      | Reached XP level 11. HP: 66/73 MP: 0/0
  8336 | D:9      | Learned a level 4 spell: Brom's Barrelling Boulder
  8347 | D:9      | Quit the game

Illustrated notes

Levels and vault maps discovered:
D:1:      arrival_zaba_pyramid, layout_basic
D:2:      layout_loops_ring, uniq_sigmund
D:3:      layout_basic, trog_antimagical, chequers_temple_overflow_minitemple,
          small_statue_intersection
D:4:      layout_basic, uniq_robin
D:5:      layout_cave_pools, mainiacjoe_overflow_tiny_flanked, serial_shops,
          nicolae_shop_competitors_out_of_business, saegor_snake_ambush,
          uniq_pikel, uniq_duvessa
D:6:      layout_loops_ring, lemuel_coloured_pillars_altar,
          nicolae_vehumet_radiance, minmay_temple_entry_ruins,
          chequers_decorated_corner, minmay_holes
D:7:      layout_basic
D:8:      layout_layer_cave, mainiacjoe_overflow_brackets, lemuel_crystal_altar,
          uniq_grum
D:9:      layout_irregular_city, tso_altar,
          mainiacjoe_overflow_concentric_impassable, gammafunk_ghost_hydra_chop
Temple:   hellmonk_temple_rainy

Skill      XL: |  1  2  3  4  5  6  7  8  9 10 |
---------------+-------------------------------+-----
Fighting       | 1 2 3 4 5 7 8 |  8.5
Spellcasting   | 4 5 6 7 8 10 | 10.2
Conjurations   | 4 5 6 7 8 10 | 10.2
Hexes          | 4 5 6 7 8 10 | 10.2
Summonings     | 4 5 6 7 8 10 | 10.2
Necromancy     | 4 5 6 7 8 10 | 10.2
Translocations | 4 5 6 7 8 10 | 10.2
Fire Magic     | 4 5 6 7 8 10 | 10.2
Ice Magic      | 4 5 6 7 8 10 | 10.2
Air Magic      | 4 5 6 7 8 10 | 10.2
Earth Magic    | 4 5 6 7 8 10 | 10.2
Alchemy        | 4 5 6 7 8 10 | 10.2
Shields        | 3 5 |  5.8
Dodging        | |  2.1
Stealth        | |  1.5

Action                     |  1- 3 |  4- 6 |  7- 9 | 10-12 || total
---------------------------+-------+-------+-------+-------++-------
   Cast: Magic Dart        |    46 |    37 |    93 |    20 ||   196
         Searing Ray       |     7 |     9 |    27 |     6 ||    49
         Iskenderun's Myst |       |     2 |    29 |    11 ||    42
         Fulminant Prism   |       |       |    26 |    24 ||    50
 Invoke: Ancestor Life: Kn |       |       |     1 |       ||     1
    Use: Scroll            |       |       |     6 |     7 ||    13
         Potion            |       |       |       |     1 ||     1
 Armour: Robe              |     4 |     8 |     8 |     4 ||    24
  Dodge: Dodged            |     6 |     4 |    10 |     2 ||    22
